 Dungeon Crawl Stone Soup version 0.25.1-2-g60ff931df9 (webtiles) character file.

Game seed: 13737089191641466980

12926 DildoBatman the Blocker (level 12, -24/90 HPs)
             Began as a Formicid Wizard on Nov 1, 2020.
             Was an Elder of Kikubaaqudgha.
             Annihilated by an ettin
             ... wielding a +3 dire flail of protection
              (36 damage)
             ... on level 1 of the Orcish Mines.
             The game lasted 00:55:20 (13859 turns).

DildoBatman the Blocker (Formicid Wizard)          Turns: 13859, Time: 00:55:21

Health: -24/90     AC: 13    Str: 11    XL:     12   Next: 26%
Magic:  24/30      EV: 17    Int: 26    God:    Kikubaaqudgha [****..]
Gold:   1007       SH: 10    Dex:  9    Spells: 2/23 levels left

rFire    . . .     SeeInvis +   P - +5 great sword (curse)
rCold    . . .     Gourm    .   H - +0 kite shield
rNeg     . . .     Faith    .   o - +2 troll leather armour
rPois    +         Spirit   .   (helmet unavailable)
rElec    .         Reflect  .   Q - +1 cloak {Stlth+}
rCorr    .         Harm     .   S - -1 pair of gloves
MR       +....                  G - +0 pair of boots
Stlth    ++........             m - amulet of magic regeneration
HPRegen  0.65/turn              B - +4 ring of evasion
MPRegen  0.47/turn              Z - ring of magical power

@: mighty
A: permanent stasis, dig shafts and tunnels, four strong arms, antennae 3,
rugged brown scales 1, yellow scales 1, clever 1, poison resistance
a: Dig, Shaft Self, Receive Corpses, Renounce Religion


You were on level 1 of the Orcish Mines.
You worshipped Kikubaaqudgha.
Kikubaaqudgha was greatly pleased with you.
You were not hungry.

You visited 3 branches of the dungeon, and saw 13 of its levels.
You also visited: Ossuary.

You collected 1007 gold pieces.

Inventory:

Hand Weapons
 a - a +2 dagger of venom
 b - a +1 halberd of flaming
 c - a +0 hunting sling
 P - a cursed +5 great sword (weapon)
 W - a cursed +4 trident
Missiles
 d - 5 javelins
 k - 139 bolts
 p - 344 stones
 w - 40 poisoned darts
 y - 63 sling bullets
 L - 118 arrows
 U - a throwing net (quivered)
Armour
 o - a +2 troll leather armour (worn)
 G - a +0 pair of boots (worn)
 H - a +0 kite shield (worn)
 Q - a +1 cloak of stealth (worn)
 S - a -1 pair of gloves (worn)
Jewellery
 m - an amulet of magic regeneration (around neck)
 B - a +4 ring of evasion (left hand)
 I - an uncursed ring of protection from fire
 Z - a ring of magical power (right hand)
Wands
 i - a wand of iceblast (10)
 u - a wand of clouds (6)
 A - a wand of disintegration (15)
Scrolls
 j - 2 scrolls of immolation
 q - 2 scrolls of random uselessness {unknown}
 x - 2 scrolls of remove curse
 z - a scroll of identify
 C - 2 scrolls of magic mapping
 E - 2 scrolls of torment
 J - 2 scrolls of enchant weapon {unknown}
 N - 5 scrolls of amnesia
 V - a scroll of silence {unknown}
 X - 2 scrolls of fear {unknown}
 Y - a scroll of noise {unknown}
Potions
 g - 2 potions of mutation
 h - 3 potions of ambrosia
 l - 5 potions of might
 n - 2 potions of brilliance
 r - 3 potions of curing
 s - a potion of invisibility {unknown}
 t - 5 potions of heal wounds
 D - 6 potions of flight
 K - a potion of berserk rage {unknown}
 O - a potion of stabbing {unknown}
 T - 3 potions of lignification
Miscellaneous
 M - a phial of floods
Comestibles
 f - 5 chunks of flesh
 v - 22 rations


   Skills:
 - Level 6.1 Fighting
 - Level 5.8 Armour
 - Level 5.2 Dodging
 - Level 2.4 Stealth
 - Level 9.0 Shields
 - Level 6.4 Spellcasting
 - Level 6.0 Conjurations
   Level 1.0 Summonings
 * Level 6.6 Necromancy
   Level 0.8 Translocations
 - Level 5.0 Fire Magic
 - Level 4.0 Air Magic
 * Level 5.7 Earth Magic
 - Level 5.0 Poison Magic


You had 2 spell levels left.
You knew the following spells:

 Your Spells              Type           Power        Failure   Level  Hunger
a - Conjure Flame         Conj/Fire      #####...     2%          3    None
b - Borgnjor's Vile Clut  Necr/Erth      #####.....   19%         5    #####..
c - Magic Dart            Conj           ####         1%          1    None
d - Vampiric Draining     Necr           #####.....   1%          3    None
e - Mephitic Cloud        Conj/Pois/Air  ####....     3%          3    None
h - Dispel Undead         Necr           #####...     5%          4    ###....
z - Sublimation of Blood  Necr           #####.....   1%          2    None

Your spell library contained the following spells:

 Spells                   Type           Power        Failure   Level  Hunger
 Pain                     Necr           ####         1%          1    None
 Corpse Rot               Necr/Air       N/A          1%          2    None
 Apportation              Tloc           ##....       6%          1    None
 Infusion                 Chrm           #...         9%          1    None
 Call Imp                 Summ           ##......     9%          2    None
 Shroud of Golubria       Chrm/Tloc      ##....       11%         2    None
 Slow                     Hex            #.......     13%         2    None
 Song of Slaying          Chrm           #.......     13%         2    None
 Animate Dead             Necr           N/A          5%          4    ###....
 Gell's Gravitas          Tloc           ##........   19%         3    None
 Confusing Touch          Hex            #.......     26%         3    None
 Ozocubu's Armour         Chrm/Ice       #.......     26%         3    None
 Spectral Weapon          Hex/Chrm       #.......     26%         3    None
 Petrify                  Tmut/Erth      ###.....     26%         4    ###....
 Excruciating Wounds      Chrm/Necr      ####......   52%         5    #####..
 Death Channel            Necr           #####.....   63%         6    ######.
 Metabolic Englaciation   Hex/Ice        #.........   93%         5    #####..
 Yara's Violent Unravell  Hex/Tmut       #.........   93%         5    #####..
 Blink                    Tloc           Unusable     N/A         2    N/A

Dungeon Overview and Level Annotations

Branches:
Dungeon (11/15)            Temple (1/1) D:5            Lair (0/6) D:10
    Orc (1/2) D:11        Ossuary (visited)

Altars:
Ashenzari
Cheibriados
Dithmenos
Elyvilon
Fedhas
Gozag
Hepliaklqana
Kikubaaqudgha
Makhleb
Nemelex Xobeh
Okawaru
Qazlal
Ru
Sif Muna
Trog
Uskayaw
Vehumet
Wu Jian
Xom
Yredelemnul
Zin
The Shining One
Jiyva

Shops:
D:10 }   D:11 }

Annotations:
D:7 1 runed translucent door, hitsuchi's ghost, novice OpFi
Orc:1 Erica


Innate Abilities, Weirdness & Mutations

You cannot be hasted, slowed, berserked, paralysed or teleported.
You can dig through walls and to a lower floor.
Your four strong arms can wield two-handed weapons with a shield.
You have a pair of large antennae on your head. (SInv)
You are partially covered in rugged brown scales. (AC +1, +3% HP)
You are partially covered in yellow scales. (AC +2)
Your mind is acute. (Int +2)
Your system is resistant to poisons. (rPois)


Message History

The ettin hits you with a +3 dire flail of protection!!!
The ettin hits you with a +0 dire flail!!
Casting: Mephitic Cloud (mildly dangerous; 3% risk of failure)
Confirm with . or Enter, or press ? or * to list all spells.
Aiming: Vampiric Draining (safe; 1% risk of failure)
Press: ? - help, Shift-Dir - straight line, f/p - ettin
Aim: an ettin, wielding a +3 dire flail of protection and a +0 dire flail (flame, lightly wounded)
Okay, then.
You retract your mandibles.
You slash the ettin!
The ettin is moderately wounded.
The ettin is engulfed in blazing flames.
You block the ettin's attack.
The ettin hits you with a +0 dire flail!
You slice the ettin!!
The ettin is severely wounded.
The ettin is engulfed in blazing flames.
The ettin hits you with a +3 dire flail of protection!!!
You die...
Kikubaaqudgha rasps: "You have failed me!
Welcome... death!"

##### ### ##
##°C@###.#### #...
##@#####.#$#$##....
#...###........#...
##...#.O....#.......
#...........#.......
##.#..@.C.........#
###....#..<......#
#...##...........
#...#.#.$........


You could see an ettin and Erica (invisible, confused).

Vanquished Creatures
  A hydra (D:8)
  3 death yaks (D:10)
  2 two-headed ogres
  4 trolls
  Grinder (D:4)
  3 hippogriffs
  2 dream sheep (D:8)
  Eustachio (D:5)
  A vampire (D:10)
  5 yaks
  A hungry ghost (D:10)
  3 vampire mosquitoes (D:11)
  A warg (D:11)
  Menkaure (D:4)
  A soldier ant (D:10)
  A water moccasin (D:7)
  2 black bears
  3 ice beasts
  4 orc warriors
  5 sky beasts
  A necrophage (D:8)
  2 phantoms
  A centaur (D:10)
  2 ogres
  6 big kobolds
  3 bullfrogs
  6 scorpions
  A water moccasin skeleton (D:4)
  3 killer bees (D:11)
  9 wights (D:10)
  A howler monkey (D:10)
  4 crimson imps
  2 centaur zombies
  8 hounds
  3 jellies
  9 orc priests
  Crazy Yiuf (D:6)
  11 orc wizards
  A gnoll shaman (D:6)
  A centaur skeleton (D:8)
  Ijyb (D:5)
  Natasha (thrice) (D:4)
  An iguana (D:9)
  7 worker ants
  A killer bee zombie (D:10)
  A hound skeleton (D:5)
  A howler monkey zombie (D:6)
  8 mummies (Ossuary)
  A howler monkey skeleton (D:6)
  14 gnolls
  12 adders
  An ooze (D:1)
  An adder skeleton (D:9)
  5 worms
  2 dart slugs
  6 leopard geckos
  47 orcs
  4 giant cockroaches
  16 goblins
  12 hobgoblins
  8 jackals
  3 quokkas
  2 ball pythons
  13 bats
  7 frilled lizards
  2 gnoll zombies (Ossuary)
  2 hobgoblin zombies (Ossuary)
  2 jackal skeletons
  A jackal zombie (D:8)
  32 kobolds
  2 kobold zombies (Ossuary)
  2 orc zombies (Ossuary)
  A quokka skeleton (D:9)
  A quokka zombie (D:10)
  11 rats
  2 butterflies (D:3)
355 creatures vanquished.

Vanquished Creatures (others)
  A killer bee (D:11)
  A plant (D:5)
2 creatures vanquished.

Grand Total: 357 creatures vanquished

Notes
Turn   | Place    | Note
-------+----------+-------------------------------------------
     0 | D:1      | DildoBatman the Formicid Wizard began the quest for the
                  | Orb.
     0 | D:1      | Reached XP level 1. HP: 13/13 MP: 4/4
     6 | D:1      | Reached skill level 1 in Conjurations
   354 | D:1      | Reached XP level 2. HP: 19/19 MP: 1/6
   681 | D:1      | Reached XP level 3. HP: 24/24 MP: 0/7
  1240 | D:2      | Found a sparkling altar of Nemelex Xobeh.
  1395 | D:2      | Found a hazy altar of Hepliaklqana.
  1409 | D:2      | Reached XP level 4. HP: 30/30 MP: 4/8
  1443 | D:2      | Learned a level 3 spell: Conjure Flame
  1447 | D:2      | Learned a level 3 spell: Mephitic Cloud
  1647 | D:1      | Reached XP level 5. HP: 16/35 MP: 2/9
  2390 | D:2      | Found a burning altar of Makhleb.
  2772 | D:3      | Found a shimmering altar of Xom.
  3086 | D:3      | Reached XP level 6. HP: 41/41 MP: 6/10
  3216 | D:3      | Found a hide-covered altar of Uskayaw.
  3237 | D:3      | Reached skill level 5 in Conjurations
  3324 | D:3      | Found a stormy altar of Qazlal.
  3803 | D:4      | Found a sand-covered staircase.
  3924 | Ossuary  | Entered an ossuary
  3971 | Ossuary  | Reached skill level 1 in Fire Magic
  4407 | D:4      | Reached XP level 7. HP: 46/46 MP: 9/11
  4597 | D:4      | Noticed Natasha
  4625 | D:4      | Noticed Grinder
  4637 | D:4      | Found a basalt altar of Yredelemnul.
  4977 | D:5      | Entered Level 5 of the Dungeon
  4977 | D:5      | Noticed Ijyb
  5067 | D:5      | Noticed Menkaure
  5067 | D:5      | Noticed Eustachio
  5254 | D:5      | Found a staircase to the Ecumenical Temple.
  5270 | Temple   | Entered the Ecumenical Temple
  5736 | D:6      | Found an iron altar of Okawaru.
  5770 | D:6      | Reached skill level 1 in Poison Magic
  5953 | D:6      | Found a runed translucent door.
  5954 | D:6      | Noticed Crazy Yiuf
  5978 | D:6      | Reached skill level 1 in Air Magic
  5978 | D:6      | Reached XP level 8. HP: 48/52 MP: 9/12
  6072 | D:6      | Found a shimmering blue altar of Sif Muna.
  6903 | D:7      | Reached skill level 5 in Fire Magic
  7218 | D:7      | Reached skill level 5 in Poison Magic
  7375 | D:7      | Found a runed translucent door.
  7375 | D:7      | Noticed hitsuchi's ghost (novice OpFi)
  7711 | D:8      | Reached XP level 9. HP: 57/57 MP: 13/13
  7800 | D:8      | Found a bloodstained altar of Trog.
  7803 | D:8      | Noticed a two-headed ogre
  7997 | D:8      | Reached skill level 1 in Fighting
  7997 | D:8      | Reached skill level 1 in Armour
  8074 | D:8      | Found a snail-covered altar of Cheibriados.
  8075 | D:8      | Found an ancient bone altar of Kikubaaqudgha.
  8081 | D:8      | Became a worshipper of Kikubaaqudgha
  8334 | D:6      | Killed Crazy Yiuf
  8486 | D:6      | Identified Sif Muna's Guide on the Voyage
  8563 | D:4      | Killed Menkaure
  8660 | D:4      | Killed Natasha
  8743 | D:4      | Killed Grinder
  8855 | D:4      | Noticed Natasha
  8864 | D:4      | Killed Natasha
  8870 | D:4      | Noticed Natasha
  8876 | D:4      | Killed Natasha
  9045 | D:5      | Killed Ijyb
  9298 | D:5      | Reached * piety under Kikubaaqudgha
  9298 | D:5      | Identified Kikubaaqudgha's Compendium of Black Arts
                  | (Kikubaaqudgha gifted it to you on level 5 of the Dungeon)
  9298 | D:5      | Received a gift from Kikubaaqudgha
  9298 | D:5      | Reached skill level 1 in Shields
  9648 | D:5      | Killed Eustachio
  9648 | D:5      | Reached skill level 3 in Shields
  9780 | D:5      | Gained mutation: Your system is resistant to poisons.
                  | (rPois) [potion of mutation]
  9780 | D:5      | Gained mutation: You are partially covered in rugged brown
                  | scales. (AC +1, +3% HP) [potion of mutation]
  9780 | D:5      | Gained mutation: Your mind is acute. (Int +2) [potion of
                  | mutation]
  9780 | D:5      | Gained mutation: You are partially covered in yellow
                  | scales. (AC +2) [potion of mutation]
  9974 | D:8      | Noticed a hippogriff
  9982 | D:8      | Killed a hippogriff
  9982 | D:8      | Reached skill level 4 in Shields
  9982 | D:8      | Reached XP level 10. HP: 71/72 MP: 16/16
  9986 | D:8      | Reached skill level 5 in Shields
 10079 | D:8      | Reached skill level 6 in Shields
 10148 | D:8      | Killed a two-headed ogre
 10148 | D:8      | Reached skill level 8 in Shields
 10247 | D:8      | Found a glowing golden altar of the Shining One.
 10646 | D:8      | Reached skill level 1 in Necromancy
 10802 | D:8      | Noticed a three-headed hydra
 10821 | D:8      | Killed a one-headed hydra
 10821 | D:8      | Reached skill level 9 in Shields
 10821 | D:8      | Reached skill level 5 in Spellcasting
 10826 | D:8      | Reached XP level 11. HP: 14/80 MP: 14/18
 11043 | D:9      | Learned a level 2 spell: Sublimation of Blood
 11047 | D:9      | Learned a level 3 spell: Vampiric Draining
 11307 | D:9      | Reached skill level 5 in Fighting
 11402 | D:9      | Reached ** piety under Kikubaaqudgha
 12242 | D:10     | Entered Level 10 of the Dungeon
 12253 | D:10     | Reached skill level 5 in Armour
 12399 | D:10     | Found a staircase to the Lair.
 12399 | D:10     | Noticed a death yak
 12400 | D:10     | Noticed a death yak
 12422 | D:10     | Killed a death yak
 12478 | D:10     | Noticed a death yak
 12480 | D:10     | Killed a death yak
 12480 | D:10     | Reached skill level 5 in Dodging
 12485 | D:10     | Killed a death yak
 12559 | D:10     | Reached *** piety under Kikubaaqudgha
 12559 | D:10     | Identified Kikubaaqudgha's Guide on Stolen Souls
                  | (Kikubaaqudgha gifted it to you on level 10 of the Dungeon)
 12559 | D:10     | Received a gift from Kikubaaqudgha
 12566 | D:10     | Learned a level 4 spell: Dispel Undead
 12572 | D:10     | Learned a level 5 spell: Borgnjor's Vile Clutch
 12625 | D:10     | Reached skill level 1 in Earth Magic
 12744 | D:10     | Found Yzaig's Gadget Emporium.
 13033 | D:10     | Reached skill level 5 in Necromancy
 13120 | D:10     | Noticed a two-headed ogre
 13149 | D:10     | Killed a two-headed ogre
 13149 | D:10     | Reached XP level 12. HP: 63/90 MP: 21/21
 13372 | D:11     | Reached skill level 5 in Earth Magic
 13477 | D:11     | Reached **** piety under Kikubaaqudgha
 13516 | D:11     | Found a staircase to the Orcish Mines.
 13611 | D:11     | Found Huot's Gadget Shop.
 13696 | D:11     | Noticed a rakshasa
 13831 | Orc:1    | Entered Level 1 of the Orcish Mines
 13832 | Orc:1    | Noticed Erica
 13840 | Orc:1    | Noticed an ettin
 13859 | Orc:1    | Annihilated by an ettin

Illustrated notes

Levels and vault maps discovered:
D:1:      onia_arrival_pyramid, layout_basic
D:2:      layout_rooms, lemuel_round_altar, lightli_temple_of_fire,
          overflow_temple_1_default
D:3:      minmay_diamond_boxcup, layout_loops_ring, lemuel_crystal_altar,
          old_standard_altar, xom_butterflies
D:4:      layout_basic, nicolae_overflow_crystal_walls, first_ration,
          chequers_ossuary_entry_cave, uniq_natasha, uniq_grinder
D:5:      corexii_shantytown, layout_basic, minmay_temple_entry_gardened_gates,
          uniq_ijyb, uniq_menkaure, uniq_eustachio
D:6:      layout_basic, led_sif_book, okawaru_trees_1, uniq_crazy_yiuf_cottage
D:7:      layout_loops_corners, ebering_ghost_reflecting_pool
D:8:      layout_rooms, nicolae_overflow_hidden_temple,
          overflow_temple_1_default, gammafunk_temple_overflow_pools,
          hangedman_ranch [blue_anna_fruit_fields]
D:9:      layout_stronghold
D:10:     layout_gridville, dpeg_lair_monsters, serial_shops, shop_statue
D:11:     layout_roguey, erik_orc_4, serial_shops, shop_fountains,
          nicolae_two_hexagons
Temple:   pf_slime_end_temple
Orc:1:    layout_caves, uniq_erica, uniq_fannar

Skill      XL: |  1  2  3  4  5  6  7  8  9 10 11 12 |
---------------+-------------------------------------+-----
Conjurations   | 1 2 3 4 5 6 |  6.0
Fire Magic     | 2 4 5 |  5.0
Poison Magic   | 1 5 |  5.0
Air Magic      | 1 3 4 |  4.0
Dodging        | 3 4 5 |  5.2
Fighting       | 3 4 6 |  6.1
Armour         | 3 4 5 |  5.8
Spellcasting   | 4 5 6 |  6.4
Shields        | 4 9 |  9.0
Necromancy     | 2 5 6 |  6.6
Earth Magic    | 3 5 |  5.7
Stealth        | |  2.4
Summonings     | |  1.0
Translocations | |  0.8

Action                   |  1- 3 |  4- 6 |  7- 9 | 10-12 || total
-------------------------+-------+-------+-------+-------++-------
Melee: Unarmed           |    18 |       |       |       ||    18
       Whip              |     7 |       |       |       ||     7
       Short sword       |       |    33 |       |       ||    33
       Hand axe          |       |     5 |   206 |    39 ||   250
       Dagger            |       |       |     3 |   130 ||   133
       Halberd           |       |       |       |    62 ||    62
       Great sword       |       |       |       |    63 ||    63
 Fire: Hunting sling     |       |       |     7 |    25 ||    32
Throw: Stone             |     1 |       |       |       ||     1
       Dart              |       |     1 |    19 |     1 ||    21
 Cast: Magic Dart        |    81 |   201 |   173 |   119 ||   574
       Mephitic Cloud    |       |     3 |    28 |    53 ||    84
       Conjure Flame     |       |     2 |    21 |    59 ||    82
       Vampiric Draining |       |       |       |    12 ||    12
       Dispel Undead     |       |       |       |    11 ||    11
 Abil: Dig               |     3 |     7 |    28 |    27 ||    65
Evoke: Wand              |       |       |     1 |       ||     1
  Use: Potion            |       |     1 |     1 |     1 ||     3
       Scroll            |       |     3 |     9 |     9 ||    21
 Stab: Sleeping          |       |     1 |     2 |       ||     3
       Confused          |       |       |     8 |    19 ||    27
  Eat: Chunk             |     2 |     9 |    17 |    15 ||    43
       Ration            |       |       |     2 |     1 ||     3
Armor: Robe              |    13 |    14 |    33 |    37 ||    97
Dodge: Dodged            |    30 |    55 |   196 |   154 ||   435
Block: Kite shield       |       |       |       |   133 ||   133
       Rpst.: Great sword |       |       |       |    12 ||    12
